 Dungeon Crawl Stone Soup version 0.28-a0-845-gfc338a8e3c (webtiles) character file.

Game seed: 7645426152421991018

161 cheechan the Bolt Thrower (level 5, 0/36 HPs)
             Began as an Octopode Hunter on Nov 12, 2021.
             Succumbed to a water moccasin's poison
             ... on level 3 of the Dungeon.
             The game lasted 00:10:10 (2458 turns).

cheechan the Bolt Thrower (Octopode Hunter)         Turns: 2458, Time: 00:10:10

Health: 0/36       AC:  1    Str: 11    XL:     5   Next: 42%
Magic:  5/5        EV: 17    Int: 14    God:
Gold:   25         SH:  0    Dex: 13    Spells: 4/4 levels left

rFire   . . .      SeeInvis .   a - +2 hand crossbow
rCold   . . .      Faith    .   (no shield)
rNeg    . . .      Spirit   .   (helmet restricted)
rPois   .          Reflect  .   (no amulet)
rElec   .          Harm     .   b - +4 ring of evasion
rCorr   .          Rampage  .   (no ring)
Will    .....                   (no ring)
Stlth   +++.......              (no ring)
HPRegen 0.12/turn               (no ring)
MPRegen 0.09/turn               (no ring)
                                (no ring)
                                (no ring)

@: lethally poisoned (0 -> 0), on berserk cooldown, attractive, slowed, very
slow
A: almost no armour, amphibious, 8 rings, camouflage 1, gelatinous body 1,
(nimble swimmer 1), tentacles
a: no special abilities


You were on level 3 of the Dungeon.
You visited 1 branch of the dungeon, and saw 3 of its levels.

You collected 25 gold pieces.

Inventory:

Hand Weapons
 a - a +2 hand crossbow (weapon)
 d - a +4 spear of venom
 g - a +2 vorpal mace
Missiles
 c - 22 bolts (quivered ammo)
Jewellery
 b - a +4 ring of evasion (left tentacle)
Potions
 e - a potion of berserk rage


   Skills:
 + Level 2.8 Fighting
 + Level 5.8 Crossbows
 + Level 2.2 Dodging
 + Level 2.8 Stealth


You had 4 spell levels left.
You didn't know any spells.
Your spell library was empty.

Dungeon Overview and Level Annotations

Branches:
Dungeon (3/15)

Altars:


Innate Abilities, Weirdness & Mutations

You cannot wear most types of armour.
You are amphibious.
You can wear up to eight rings at the same time.
Your skin changes colour to match your surroundings (Stealth+).
Your rubbery body absorbs attacks. (AC +1, EV +1)
((You are camouflaged near water. (Stealth+)))
You have tentacles for arms and can constrict up to eight enemies at once.


Message History

Here: a water moccasin (heavily wounded) Item here: a bolt.
The floor.
Do you really want to go berserk while wielding your +2 hand crossbow?
A red film seems to cover your vision as you go berserk!
You feel yourself moving faster!
You feel mighty!
You feel very sick. The water moccasin bites you!
You are too berserk!
You hit the water moccasin! Your grab misses the water moccasin.
The water moccasin is almost dead.
You feel sick. The water moccasin closely misses you.
The water moccasin barely misses you.
You barely miss the water moccasin. Your grab misses the water moccasin.
The water moccasin is almost dead.
You feel sick. The water moccasin closely misses you.
You closely miss the water moccasin. Your grab misses the water moccasin.
The water moccasin is almost dead.
You feel sick. The water moccasin bites you!
* * * LOW HITPOINT WARNING * * *
You miss the water moccasin. You grab the water moccasin.
You squeeze the water moccasin.
You kill the water moccasin!
* * * LOW HITPOINT WARNING * * *
You feel sick.
Your Stealth skill increases to level 2!
You have reached level 4!
You have reached level 5!
You feel clever.
You feel a strong urge to attack something.
You feel sick.
You are no longer berserk.
You are exhausted.
You feel yourself slow down.
* * * LOW HITPOINT WARNING * * *
You feel sick.
There is a lethal amount of poison in your body!
It was a potion of attraction.
You feel attractive to monsters.
You die...

#. #. .. #.
..####.######
............#
............#
............#
............#
..?....@....#
............#
............#
............#
.......(....#
............#
............#
.......(..(.#
............#


There were no monsters in sight!

Vanquished Creatures
  A water moccasin (D:3)
  2 adders (D:2)
  A worm (D:2)
  A dart slug (D:1)
  A bat (D:2)
  A giant cockroach (D:1)
  2 goblins
  4 hobgoblins
  2 jackals (D:1)
  3 kobolds
  5 quokkas
  2 ball pythons
  A frilled lizard (D:2)
  3 rats
29 creatures vanquished.

Notes
Turn   | Place    | Note
-------+----------+-------------------------------------------
     0 | D:1      | cheechan the Octopode Hunter began the quest for the Orb.
     0 | D:1      | Reached XP level 1. HP: 14/14 MP: 1/1
    93 | D:1      | Found a faded altar of an unknown god.
   214 | D:1      | Reached XP level 2. HP: 19/19 MP: 2/2
  1693 | D:2      | Reached XP level 3. HP: 24/24 MP: 3/3
  1733 | D:2      | Reached skill level 5 in Crossbows
  2441 | D:3      | Noticed a water moccasin
  2454 | D:3      | Killed a water moccasin
  2455 | D:3      | Reached XP level 4. HP: 4/30 MP: 4/4
  2455 | D:3      | Reached XP level 5. HP: 4/36 MP: 5/5
  2457 | D:3      | HP: 1/36 [poisoned by a water moccasin]
  2458 | D:3      | Succumbed to a water moccasin's poison

Illustrated notes

Levels and vault maps discovered:
D:1:      minmay_arrival_four_houses, layout_loops_corners,
          chequers_ecumenical_altar_island, skrybe_limestone_x,
          minmay_misc_feat_room, nrook_loot_triangle
D:2:      minmay_recursive_quarters, layout_loops_ring
D:3:      layout_basic

Skill      XL: |  1  2  3 |
---------------+----------+-----
Crossbows      | 5 |  5.8
Stealth        | 2 |  2.8
Fighting       | |  2.8
Dodging        | |  2.2

Action                   |  1- 3 |  4- 6 || total
-------------------------+-------+-------++-------
Melee: Hand crossbow     |     5 |       ||     5
       Constrict         |     2 |       ||     2
       Tentacles         |     2 |       ||     2
 Fire: Hand crossbow     |    62 |       ||    62
  Use: Scroll            |     9 |       ||     9
       Potion            |     2 |     1 ||     3
Armor: Skin              |     1 |       ||     1
Dodge: Dodged            |    23 |       ||    23

Table legend: (Time is in decaauts)
 A = Elapsed time spent in this place.
 B = Non-inter-level travel time spent in this place.
 C = Inter-level travel time spent in this place.
 D = Time resting spent in this place.
 E = Time spent auto-exploring this place.
 F = Levels seen in this place.
 G = Mean time per level.
                   A        B        C        D        E       F      G
               +--------+--------+--------+--------+--------+-----+--------+
         Total |   2473 |   2473 |      0 |    325 |      0 |   3 |  824.3 |
       Dungeon |   2473 |   2473 |      0 |    325 |      0 |   3 |  824.3 |
               +--------+--------+--------+--------+--------+-----+--------+

Top non-repeatable levels by time:
     D:2: 1427 daAuts
     D:1: 1022 daAuts
     D:3: 23 daAuts
